 Dungeon Crawl Stone Soup version 0.31-a0-609-g7bf6ffcfed (webtiles) character file.

Game seed: 6457896749857210571

655 Dittersdorf the Shield-Bearer (level 7, -3/44 HPs)
             Began as a Gargoyle Fighter on Aug 21, 2023.
             Was an Initiate of Okawaru.
             Slain by a gnoll
             ... wielding a +0 halberd
             ... led by a gnoll bouda
              (5 damage)
             ... on level 5 of the Dungeon.
             The game lasted 00:05:33 (4199 turns).

Dittersdorf the Shield-Bearer (Gargoyle Fighter)    Turns: 4199, Time: 00:05:34

Health: -3/44      AC: 20    Str: 28    XL:     7   Next: 54%
Magic:  7/7        EV:  8    Int:  8    God:    Okawaru [......]
Gold:   357        SH:  5    Dex:  9    Spells: 6/6 levels left

rFire   . . .        f - +1 morningstar
rCold   . . .        c - +0 buckler
rNeg    + . .        r - +0 chain mail
rPois   ∞            (no helmet)
rElec   +            l - +0 cloak
rCorr   .            o - +1 pair of gloves
SInv    .            g - +1 pair of boots
Will    .....        j - amulet of faith Stlth
                     n - +6 ring of strength
HPRegen 0.27/turn    (no ring)
MPRegen 0.10/turn

%: faith
@: weakened
A: sickness immunity, AC +4, negative energy resistance 1, electricity
resistance, torment resistance 1, petrification resistance
a: Renounce Religion


You were on level 5 of the Dungeon.
You worshipped Okawaru.
Okawaru was noncommittal.
You visited 2 branches of the dungeon, and saw 6 of its levels.
You also visited: Sewer.

You collected 357 gold pieces.

Inventory:

Hand Weapons
 f - a +1 morningstar (weapon)
Missiles
 h - 6 poisoned darts (quivered)
 q - a throwing net
Armour
 c - a +0 buckler (worn)
 g - a +1 pair of boots (worn)
 l - a +0 cloak (worn)
 o - a +1 pair of gloves (worn)
 r - a +0 chain mail (worn)
Jewellery
 j - an amulet of faith (around neck)
 n - a +6 ring of strength (left hand)
Wands
 s - a wand of iceblast (10)
Scrolls
 a - a scroll of enchant armour
 b - a scroll of poison
 i - 2 scrolls of blinking
 p - a scroll of fear
Potions
 d - a potion of might
 e - a potion of magic {unknown}
 k - 3 potions of curing
 m - a potion of heal wounds


   Skills:
 + Level 5.4 Fighting
 + Level 4.3 Maces & Flails
 + Level 5.4 Armour
 + Level 5.5 Shields


You had 6 spell levels left.
You didn't know any spells.
Your spell library contained the following spells:

 Spells                   Type           Power      Damage    Failure   Level
 Sting                    Tmut/Pois      0%         1d3       91%         1
 Ensorcelled Hibernation  Hex/Ice        0%         N/A       97%         2
 Passwall                 Tmut/Erth      0%         N/A       97%         2
 Poisonous Vapours        Pois/Air       0%         N/A       97%         2
 Static Discharge         Conj/Air       0%         2-2/arc   97%         2
 Swiftness                Air            0%         N/A       99%         3
 Airstrike                Air            0%         2d(0-16)  100%        4
 Olgreb's Toxic Radiance  Pois           0%         N/A       100%        4
 Summon Lightning Spire   Summ/Air       Unusable   N/A       N/A         4

Dungeon Overview and Level Annotations

Branches:
Dungeon (5/15)             Temple (1/1) D:5           Sewer (visited)

Altars:
Elyvilon
Fedhas
Gozag
Hepliaklqana
Kikubaaqudgha
Makhleb
Okawaru
Qazlal
Sif Muna
Trog
Vehumet
Xom
Yredelemnul
Zin
The Shining One

Annotations:
D:3 1 runed translucent door, Crazy Yiuf


Innate Abilities, Weirdness & Mutations

You are immune to sickness and miasma.
Your stone body is resilient. (AC +4)
You are immune to poison.
You resist negative energy. (rN+)
You are resistant to electric shocks. (rElec)
You are resistant to unholy torment.
You are immune to petrification.


Message History

The gnoll bouda barks out a call to the hunt!
The gnoll picks up the pace!
You barely miss the gnoll bouda.
The gnoll bouda is almost dead.
The gnoll is no longer moving quickly.
The gnoll hits you but does no damage. The gnoll closely misses you.
The gnoll bouda barely misses you. The gnoll hits you but does no damage.
You sock the gnoll!
You kill the gnoll!
Okawaru accepts your kill.
The gnoll bouda hits you but does no damage.
The gnoll hits you but does no damage.
The gnoll bouda hits you but does no damage.
The gnoll misses you.
You see here a +0 flail.
You barely miss the gnoll.
The gnoll bouda prays to its god.
The gnoll bouda is healed somewhat.
The gnoll barely misses you.
You hit the gnoll.
The gnoll is moderately wounded.
The gnoll bouda gazes fiercely through you!
You feel as though you will be weak longer.
The gnoll bouda hits you with a +0 club.
* * * LOW HITPOINT WARNING * * *
You block the gnoll's attack. You block the gnoll bouda's attack.
The gnoll hits you but does no damage.
You closely miss the gnoll.
The gnoll is moderately wounded.
The gnoll bouda barely misses you. The gnoll hits you but does no damage.
You closely miss the gnoll.
The gnoll is moderately wounded.
The gnoll bouda hits you with a +0 club.
* * * LOW HITPOINT WARNING * * *
The gnoll hits you with a +0 halberd!
* * * LOW HITPOINT WARNING * * *
You puncture the gnoll bouda!
You kill the gnoll bouda!
Okawaru accepts your kill. The gnoll hits you with a +0 halberd.
You die...

#.............# #...#..
#.............# #.###._
#.............# #......
#.............# #####.#
..$..........# #####..
.............# #.....#
.............#####.....#
......g))..............#
.......@...............#
.############...........
#........#..
#........#.#
#........#.#
#..........#
#.......>...
#........### ##########


You could see a gnoll (swift).

Vanquished Creatures
  A phantom (D:5)
  Blork the orc (D:4)
  A bullfrog (Sewer)
  A hound (D:4)
  A jelly (D:4)
  A gnoll bouda (D:5)
  An iguana (D:4)
  Ijyb (D:3)
  12 gnolls
  8 adders
  2 worms (D:3)
  8 dart slugs
  2 orcs
  5 bats
  8 endoplasms
  8 giant cockroaches
  6 goblins
  10 hobgoblins
  7 jackals (D:1)
  14 quokkas
  16 ball pythons
  9 frilled lizards
  10 kobolds
  6 rats
  A spectral orc (D:4)
140 creatures vanquished.

Notes
Turn   | Place    | Note
-------+----------+-------------------------------------------
     0 | D:1      | Dittersdorf the Gargoyle Fighter began the quest for the
                  | Orb.
     0 | D:1      | Reached XP level 1. HP: 14/14 MP: 1/1
    81 | D:1      | Reached XP level 2. HP: 16/19 MP: 2/2
   448 | D:1      | Reached XP level 3. HP: 23/23 MP: 3/3
   656 | D:1      | Found a faded altar of an unknown god.
   963 | D:2      | Reached XP level 4. HP: 15/29 MP: 4/4
  1452 | D:2      | Reached XP level 5. HP: 23/33 MP: 5/5
  1675 | D:3      | Found a glowing drain.
  1698 | Sewer    | Entered a sewer
  1942 | Sewer    | Reached XP level 6. HP: 25/39 MP: 6/6
  2255 | D:3      | Noticed Ijyb
  2264 | D:3      | Killed Ijyb
  3062 | D:3      | Found a runed translucent door.
  3063 | D:3      | Noticed Crazy Yiuf
  3183 | D:4      | Noticed Blork the orc
  3192 | D:4      | Killed Blork the orc
  3247 | D:4      | Reached skill level 5 in Shields
  3271 | D:4      | Reached skill level 5 in Fighting
  3271 | D:4      | Reached skill level 5 in Armour
  3307 | D:4      | Reached XP level 7. HP: 44/44 MP: 7/7
  3516 | D:4      | Found a basalt altar of Yredelemnul.
  3785 | D:5      | Entered Level 5 of the Dungeon
  3839 | D:5      | Found an opulent altar of Gozag.
  3923 | D:5      | Found a white marble altar of Elyvilon.
  3933 | D:5      | Found a radiant altar of Vehumet.
  3979 | D:5      | Found a staircase to the Ecumenical Temple.
  3995 | Temple   | Entered the Ecumenical Temple
  4010 | Temple   | Became a worshipper of Warmaster Okawaru
  4198 | D:5      | HP: 2/44 [gnoll/+0 halberd[a gnoll bouda] (8)]
  4199 | D:5      | Slain by a gnoll

Illustrated notes

Levels and vault maps discovered:
D:1:      lemuel_arrival_rhombus, layout_basic,
          shapermc_ecumenical_altar_mp_ritualfount
D:2:      layout_rooms, st_stairs_13, grunt_ministairs_10, minmay_hexomino_f4
D:3:      layout_basic, portal_sewer_entry_f, st_stairs_7, uniq_ijyb,
          uniq_crazy_yiuf_cottage
D:4:      layout_cave_pools, yredelemnul_forgotten_temple_becter,
          kennysheep_donut, minmay_misc_feat_secret_circle, uniq_blork_the_orc
D:5:      layout_basic, marbit_many_paths, mainiacjoe_overflow_six_doors_small,
          mainiacjoe_overflow_large_starburst, minmay_temple_entry_tees,
          corexii_corridor_pit
Temple:   jpeg_temple_clearing

Skill      XL: |  1  2  3  4  5  6  7 |
---------------+----------------------+-----
Armour         | 4 5 |  5.4
Shields        | 4 5 |  5.5
Fighting       | 4 5 |  5.4
Maces & Flails | 3 4 |  4.3

Action                     |  1- 3 |  4- 6 |  7- 9 || total
---------------------------+-------+-------+-------++-------
  Melee: Morningstar       |   164 |   272 |    71 ||   507
    Use: Scroll            |       |    10 |       ||    10
 Armour: Scale mail        |   171 |   192 |    20 ||   383
         Chain mail        |       |       |    32 ||    32
  Dodge: Dodged            |   144 |   173 |    42 ||   359
  Block: Buckler           |    57 |    67 |    16 ||   140

Table legend: (Time is in decaauts)
 A = Elapsed time spent in this place.
 B = Non-inter-level travel time spent in this place.
 C = Inter-level travel time spent in this place.
 D = Time resting spent in this place.
 E = Time spent auto-exploring this place.
 F = Levels seen in this place.
 G = Mean time per level.
                   A        B        C        D        E       F      G
               +--------+--------+--------+--------+--------+-----+--------+
         Total |   4434 |   4308 |    126 |     47 |   3039 |   7 |  633.4 |
       Dungeon |   3961 |   3863 |     98 |      0 |   2929 |   5 |  792.2 |
        Temple |     30 |      2 |     28 |      0 |      0 |   1 |   30.0 |
         Sewer |    443 |    443 |      0 |     47 |    109 |   1 |  443.0 |
               +--------+--------+--------+--------+--------+-----+--------+

Top non-repeatable levels by time:
     D:3: 1109 daAuts
     D:1: 934 daAuts
     D:2: 813 daAuts
     D:4: 711 daAuts
   Sewer: 443 daAuts
     D:5: 392 daAuts
  Temple: 30 daAuts
